Cogmind - Beta 15 @@@ ROGUE MODE // 2025.08.03 @ 21:21:57 Player: Stump Result: Self-destructed Performance ------------- Evolutions (2) 1000 Regions Visited (3) 600 Robots Destroyed (69) 345 Value Destroyed (1879) 1879 Prototype IDs (5) 100 Alien Tech Used (0) 0 Bonus (37) 37 TOTAL SCORE: 3961 Bonus ------- High Alert Combat Kills 37 Cogmind --------- Core Integrity 531/550 Matter 201/300 Energy 261/275 System Corruption 0% Temperature Cool (30) Movement Walking (110) Location -8/Materials Parts ------- > --- POWER (1) -------- Deuterium Engine > --- PROPULSION (3) --- Aluminum Leg Improved Aluminum Leg VSS Leg > --- UTILITY (5) ------ Small Storage Unit Sensor Array Improved Signal Interpreter Improved Targeting Computer Reflective Plating > --- WEAPON (2) ------- EM Pulse Cannon Assault Cannon > --- INVENTORY (8) ---- Improved Ion Engine Aluminum Leg Aluminum Leg Improved Heat Sink Large Matter Pod (150) Heavy Particle Cannon Assault Cannon Improved Grenade Launcher Peak State ------------ > --- POWER ------------ Deuterium Engine > --- PROPULSION ------- Aluminum Leg Improved Aluminum Leg VSS Leg > --- UTILITY ---------- Small Storage Unit Sensor Array Improved Signal Interpreter Improved Targeting Computer Hardlight Generator > --- WEAPON ----------- Heavy Particle Cannon Assault Cannon > --- INVENTORY -------- Improved Ion Engine Aluminum Leg Improved Heat Sink Large Matter Pod Medium Armor Plating Pulse Rifle Assault Cannon Rocket Launcher [Rating: 26] Favorites ----------- Power Improved Ion Engine Engine Improved Ion Engine Propulsion Aluminum Leg Leg Aluminum Leg Utility Sensor Array Device Sensor Array Storage Small Storage Unit Processor Improved Targeting Computer Protection Medium Armor Plating Weapon Assault Cannon Energy Gun Pulse Rifle Energy Cannon Heavy Particle Cannon Ballistic Gun Assault Rifle Ballistic Cannon Assault Cannon Launcher Improved Grenade Launcher Build | -11 -10 -9 -8 ------- Run | Yrd Mat Mat Mat Slots Evolved 4 | . . 2 2 Power . | . . . . Propulsion 1 | . . 1 . Utility 3 | . . 1 2 Weapon . | . . . . Parts Attached 42 | 6 5 19 12 Power 5 | 1 1 2 1 Engine 5 | 1 1 2 1 Core . | . . . . Reactor . | . . . . Propulsion 11 | 2 1 6 2 Treads . | . . . . Leg 11 | 2 1 6 2 Wheel . | . . . . Hover . | . . . . Flight . | . . . . Utility 13 | 1 2 4 6 Device 4 | . 1 1 2 Storage 2 | 1 1 . . Processor 3 | . . . 3 Hackware . | . . . . Protection 4 | . . 3 1 Artifact . | . . . . Weapon 13 | 2 1 7 3 Energy Gun 3 | . 1 2 . Energy Cannon 2 | . . . 2 Ballistic Gun 4 | 2 . 2 . Ballistic Cannon 2 | . . 2 . Launcher 2 | . . 1 1 Special Weapon . | . . . . Impact Weapon . | . . . . Slashing Weapon . | . . . . Piercing Weapon . | . . . . Special Melee Weapon . | . . . . Unidentified Prototypes . | . . . . Parts Lost 1 | . . . 1 Power . | . . . . Propulsion . | . . . . Utility 1 | . . . 1 Weapon . | . . . . Highest Loss Streak 1 | . . . 1 To Critical Strikes . | . . . . Average Backups 7 | 2 8 8 7 Power 1 | . 1 . 1 Propulsion 2 | 1 3 1 1 Utility 2 | . 2 2 1 Weapon 2 | . 1 2 2 Tool/Special . | . . . . Unused Backups 13 | . 3 4 6 Power 3 | . . 2 1 Propulsion 4 | . 2 . 2 Utility 2 | . 1 . 1 Weapon 4 | . . 2 2 Tool/Special . | . . . . Average Slot Usage (%) 96 | . 89 99 99 Engine 11 | . 13 11 9 Leg 29 | . 28 32 27 Device 9 | . 5 11 10 Storage 11 | . 14 11 9 Processor 4 | . . . 16 Protection 7 | . . 10 8 Energy Gun 7 | . 7 10 2 Energy Cannon 1 | . . . 3 Ballistic Gun 7 | . 20 3 . Ballistic Cannon 5 | . . 7 8 Peak Build Rating 26 | 6 8 16 26 Average Rating 14 | 4 6 14 23 On Entrance 7 | . 6 8 16 Naked Turns . | . . . . Heaviest Build 33 | 12 20 29 33 Greatest Support 35 | 20 20 30 35 Greatest Overweight (x) 1 | . 1 . . Average Overweight (x) . | . . . . Largest Inventory Capacity 10 | 8 10 10 8 Average Capacity 8 | 6 9 8 8 Most Carried 10 | 5 10 10 8 Average Carried 7 | 2 8 7 7 Final Capacity 10 | 8 10 8 8 Final Carried 10 | 4 10 8 8 Class Distribution -------------------- 84% | Mutant 15% | Scavenger-Mutant Dominant Class ---------------- Mutant | -10/Materials Mutant | -9/Materials Mutant | -8/Materials Resources | -11 -10 -9 -8 ----------- Run | Yrd Mat Mat Mat Matter Collected 1539 | 197 432 657 253 Remotely . | . . . . Salvage Created 2133 | . 612 977 544 Parts 152 | . 31 80 41 Haulers Intercepted 5 | . 1 2 2 Recyclers Shooed 1 | . 1 . . Parts Field Recycled . | . . . . Retrieved Matter . | . . . . Parts Self-Destructed . | . . . . Prevented . | . . . . Kills | -11 -10 -9 -8 ------- Run | Yrd Mat Mat Mat Combat Hostiles Destroyed 53 | . 11 30 12 Guns 28 | . 11 17 . Cannons 18 | . . 9 9 AOE 7 | . . 4 3 Classes Destroyed 9 | . 6 2 1 Worker 3 | . 2 . 1 Builder 1 | . . . 1 Hauler 5 | . 1 2 2 Recycler 1 | . 1 . . Watcher 6 | . 3 1 2 Swarmer 15 | . 3 9 3 Grunt 25 | . 8 13 4 Duelist 1 | . . 1 . Sentry 12 | . . 7 5 Best Kill Streak 7 | . 7 4 7 Combat Bots Only 4 | . 4 4 4 Max Kills in Single Turn 3 | . 1 3 2 Gunslinging . | . . . . Exploded 3 | . . 3 1 Melee . | . . . . Uniques/NPCs Destroyed . | . . . . Combat | -11 -10 -9 -8 -------- Run | Yrd Mat Mat Mat Hostile Shots Fired 152 | . 33 85 34 Missed 48 | . 10 27 11 Hits 104 | . 23 58 23 Melee 4 | . . 4 . Projectile 100 | . 23 54 23 Critical Strikes 2 | . . 1 1 Damage Taken 1359 | . 284 766 309 Core 148 | . 52 77 19 Absorbed by Shields . | . . . . Core Remaining (%) 86 | 100 79 80 . Volleys Fired 127 | . 38 64 25 Largest 2 | . 2 2 2 Hottest 112 | . 70 100 112 Shots Fired 254 | . 76 128 50 Gun 157 | . 76 78 3 Cannon 87 | . . 46 41 Launcher 10 | . . 4 6 Special . | . . . . Kinetic 157 | . 68 64 25 Thermal 80 | . 8 60 12 Explosive 10 | . . 4 6 Electromagnetic 7 | . . . 7 Robot Hit Streak 17 | . 17 16 10 Robot Miss Streak 4 | . 2 4 3 Penetration Max . | . . . . Secondary Targets 3 | . 1 2 . Max Gunslinging Chain 1 | . 1 1 . Shots Hit Robots 171 | . 57 83 31 Core Hits 103 | . 32 42 29 Critical Kills . | . . . . Critical Parts Destroyed . | . . . . Critical Strikes 4 | . . 3 1 Burn 3 | . . 3 . Corrupt 1 | . . . 1 Melee Attacks . | . . . . Impact . | . . . . Slashing . | . . . . Piercing . | . . . . Sneak Attacks . | . . . . Combat Hostiles . | . . . . Follow-up Attacks . | . . . . Damage Inflicted 3740 | . 731 1738 1271 Guns 1592 | . 707 852 33 Cannons 1316 | . . 634 682 Explosions 760 | . . 231 529 Melee . | . . . . Ramming 72 | . 24 21 27 Kinetic 1731 | . 604 818 309 Thermal 1034 | . 103 668 263 Explosive 680 | . . 231 449 Electromagnetic 223 | . . . 223 Impact . | . . . . Slashing . | . . . . Piercing . | . . . . Highest Corruption . | . . . . Average Corruption . | . . . . Corruption Purged . | . . . . Corruption Blocked . | . . . . Overload Shots . | . . . . Overflow Damage 52 | . . 4 48 Projectiles 52 | . . 4 48 Explosions . | . . . . Melee . | . . . . Knockbacks 8 | . . 6 2 Impact 1 | . . . 1 Kinetic 7 | . . 6 1 Secondary . | . . . . Self-Inflicted Damage 27 | . . . 27 Shots 1 | . . . 1 Rammed . | . . . . Targets Rammed 10 | . 4 3 3 Kicked 10 | . 4 3 3 Crushed . | . . . . Highest Temperature 333 | . 111 333 270 Average Temperature 75 | . 39 84 56 Received Heat Transfer 447 | . 147 237 63 Siege Activations . | . . . . Martial Activations . | . . . . Shielding Activations . | . . . . Robots Disrupted . | . . . . Combat Hostiles . | . . . . Robots Corrupted . | . . . . Combat Hostiles . | . . . . Parts Fried 1 | . . . 1 Impact Corruptions . | . . . . Robots Melted . | . . . . Combat Hostiles . | . . . . Parts Melted 3 | . 1 2 . Heat Transferred 2542 | . 296 1850 396 Parts Sabotaged . | . . . . Parts Stolen . | . . . . Parts Stripped . | . . . . Power Chain Reactions 1 | . . . 1 Alert | -11 -10 -9 -8 ------- Run | Yrd Mat Mat Mat Maximum Alert Level 2 | . . 2 1 Low Security (%) 65 | 100 100 44 59 Level 1 25 | . . 34 40 Level 2 8 | . . 20 . Level 3 . | . . . . Level 4 . | . . . . Level 5 . | . . . . High Security . | . . . . Max Security . | . . . . Peak Influence 584 | . 147 584 276 Initial 243 | . . 25 243 Average 179 | . 81 247 183 Influence Increases 1865 | . 387 1049 429 Destroy 0b10 Robot/C 1060 | . 220 600 240 Destroy 0b10 Robot/NC 80 | . 35 15 30 Destroy Leader 292 | . 48 166 78 Successful Hack 73 | . 38 24 11 Disable Machine 90 | . . 60 30 Destroy Structure 75 | . 1 34 40 Lose Combat Pursuer 195 | . 45 150 . Influence Decreases 1619 | . 327 533 759 Entered New Map 368 | . . 35 333 Time Decay 1241 | . 327 498 416 Lost Part 10 | . . . 10 Squads Dispatched 7 | . 2 4 1 Investigation 4 | . 1 3 . Extermination . | . . . . Reinforcement 3 | . 1 1 1 Assault . | . . . . Garrison . | . . . . Intercept . | . . . . Searches Triggered . | . . . . Construction Impeded . | . . . . Haulers Reinforced . | . . . . Active Scanning Responses . | . . . . Cargo Convoy Interrupts . | . . . . Stealth | -11 -10 -9 -8 --------- Run | Yrd Mat Mat Mat Distress Signals 4 | . . 2 2 Communications Jammed . | . . . . Distress Signals . | . . . . Times Spotted 74 | . 15 43 16 Peak Tracking Total 5 | . 4 5 5 Tactical Retreats 6 | . 1 5 . Traps | -11 -10 -9 -8 ------- Run | Yrd Mat Mat Mat Traps Triggered 4 | . 1 2 1 Indirectly . | . . . . Trap Hack Attempts . | . . . . Triggered . | . . . . Disarmed . | . . . . Reprogrammed . | . . . . Reused . | . . . . Traps Extracted . | . . . . Installed . | . . . . Triggered . | . . . . Machines | -11 -10 -9 -8 ---------- Run | Yrd Mat Mat Mat Machines Disabled 6 | . . 4 2 Max in Single Turn 1 | . . 1 1 Machines Repaired . | . . . . Machines Dismantled . | . . . . Machines Sabotaged . | . . . . Overloaded Fab Kills . | . . . . Hacking | -11 -10 -9 -8 --------- Run | Yrd Mat Mat Mat Machines Accessed 18 | . 8 7 3 Terminals 14 | . 6 5 3 Fabricators . | . . . . Repair Stations 1 | . 1 . . Recycling Units 2 | . 1 1 . Scanalyzers 1 | . . 1 . Garrison Access . | . . . . Total Hacks 48 | . 20 22 6 Successful 25 | . 11 11 3 Failed 23 | . 9 11 3 Catastrophic 3 | . . 2 1 Database Lockouts . | . . . . Manual 17 | . 5 9 3 Terminals 41 | . 17 18 6 Fabricators . | . . . . Repair Stations 2 | . 2 . . Recycling Units 3 | . 1 2 . Scanalyzers 2 | . . 2 . Garrison Access . | . . . . Terminal Hacks 20 | . 9 8 3 Prototype ID Bank 3 | . 1 1 1 Terminal Index 1 | . 1 . . Alert Level 1 | . . 1 . Locate Traps 3 | . 3 . . Hauler Manifests 3 | . 1 1 1 Registered Components 1 | . . 1 . Zone Layout 8 | . 3 4 1 Fabricator Hacks . | . . . . Repair Station Hacks 1 | . 1 . . Scan Component 1 | . 1 . . Recycling Unit Hacks 2 | . 1 1 . Report Inventory 2 | . 1 1 . Scanalyzer 2 | . . 2 . Insert Component 1 | . . 1 . Analyze 1 | . . 1 . Garrison Access Hacks . | . . . . Unauthorized Hacks . | . . . . Terminals . | . . . . Fabricators . | . . . . Repair Stations . | . . . . Recycling Units . | . . . . Scanalyzers . | . . . . Garrison Access . | . . . . Data Cores Recovered . | . . . . Used . | . . . . Hacking Detections 14 | . 6 6 2 Full Trace Events 2 | . . 2 . Feedback Events . | . . . . Feedback Blocked . | . . . . Robot Schematics Acquired . | . . . . Robots Built . | . . . . Authchips . | . . . . Time . | . . . . Total Robot Build Rating . | . . . . Part Schematics Acquired 1 | . . 1 . Parts Built . | . . . . Authchips . | . . . . Time . | . . . . Total Part Build Rating . | . . . . Parts Repaired . | . . . . Time . | . . . . Parts Recycled . | . . . . Recycled Matter . | . . . . Retrieved Matter . | . . . . Retrieved Components . | . . . . Parts Scanalyzed 1 | . . 1 . Part Schematics Acquired 1 | . . 1 . Parts Damaged . | . . . . Bothacking | -11 -10 -9 -8 ------------ Run | Yrd Mat Mat Mat Used RIF Installer . | . . . . Robots Hacked . | . . . . Non-combat . | . . . . Combat . | . . . . Robot Hacks Applied . | . . . . Relay Couplers Released . | . . . . Fabnet Peak Effective % . | . . . . Robots Rewired . | . . . . Allies Hacked . | . . . . Hacks Repelled . | . . . . Allies | -11 -10 -9 -8 -------- Run | Yrd Mat Mat Mat Total Allies . | . . . . Largest Group . | . . . . Highest-Rated Group . | . . . . Highest-Rated Ally . | . . . . Total Orders . | . . . . Ally Attacks . | . . . . Total Damage . | . . . . Kills . | . . . . Allies Corrupted . | . . . . Allies Melted . | . . . . Intel | -11 -10 -9 -8 ------- Run | Yrd Mat Mat Mat Active Infowar (turns) 2875 | . 402 1471 1002 Sensors 2875 | . 402 1471 1002 Robot Analysis Total . | . . . . Derelict Logs Recovered . | . . . . Drone Launches . | . . . . Drone Recoveries . | . . . . Exploration | -11 -10 -9 -8 ------------- Run | Yrd Mat Mat Mat Turns Passed 3713 | 55 1054 1595 1009 Spaces Moved 2314 | 43 635 970 666 Core 17 | 17 . . . Treads . | . . . . Legs 2297 | 26 635 970 666 Wheels . | . . . . Hover . | . . . . Flight . | . . . . Fastest Speed 50 | 50 120 120 110 Average Speed 117 | 92 120 120 112 Slowest Speed 190 | 120 190 120 120 Overloaded Moves . | . . . . Propulsion Burnouts . | . . . . Robots Hopped . | . . . . Potential Cave-ins . | . . . . Cave-ins Triggered . | . . . . Exploration Rate (%) 52 | 3 84 70 54 Regions Visited 3 Branch Regions . Pre-discovered Areas . | . . . . Known Exits Taken . | . . . . Unknown Exits Taken 3 | 1 1 1 . Scrap Searched . | . . . . Spaces Dug . | . . . . Terrain Destroyed 100 | . . 59 41 Melee . | . . . . Projectile 17 | . . 8 9 AOE 83 | . . 51 32 Terrain Rammed . | . . . . Walls Destroyed . | . . . . Machines Disabled . | . . . . Actions | -11 -10 -9 -8 --------- Run | Yrd Mat Mat Mat Total 3056 | 58 850 1275 873 Wait 466 | . 151 176 139 Move 2311 | 42 634 969 666 Hop . | . . . . Pick Up 48 | 10 12 15 11 Fast Attach 9 | . 1 4 4 Attach 17 | 6 2 7 2 Detach . | . . . . Swap 28 | . 2 16 10 Drop 40 | . 6 21 13 Fire 127 | . 38 64 25 Melee . | . . . . Ram . | . . . . Kick 10 | . 4 3 3 Crush . | . . . . Escape Stasis . | . . . . Rewire . | . . . . Trap . | . . . . Miscellaneous . | . . . . Route ------- -11/Scrapyard -10/Materials (discovered 4 exits: *Mat x3 / [*Min]) -9/Materials (discovered 3 exits: *Mat x3) -8/Materials History --------- Turn | Location | Event 5 | -11/Scrapyard | Discovered new exit (range 15) 56 | -11/Scrapyard | Entered Materials 270 | -10/Materials | Discovered new exit (range 13) 307 | -10/Materials | Build established: Mutant 431 | -10/Materials | Discovered new exit (range 16) 556 | -10/Materials | Derelicts attacked the area 721 | -10/Materials | Discovered new exit (range 9) 946 | -10/Materials | Discovered new exit (range 16) 1110 | -10/Materials | Entered another Materials area 1110 | -9/Materials | Evolved 2 slots: Propulsion x1, Utility x1 1431 | -9/Materials | Discovered new exit (range 5) 1874 | -9/Materials | Discovered new exit (range 14) 2272 | -9/Materials | Discovered new exit (range 16) 2705 | -9/Materials | Entered another Materials area 2705 | -8/Materials | Evolved 2 slots: Utility x2 2878 | -8/Materials | Build established: Scavenger-Mutant 3287 | -8/Materials | Build established: Mutant 3714 | -8/Materials | Self-destructed Last Messages --------------- Acquired Hvy. Particle Cannon. Acquired Assault Cannon. Dropped Pulse Rifle. Acquired EM Pulse Cannon. Destroyed Imp. Hover Unit. A-02 Transporter destroyed. Destroyed Weight Redist. System. W-25 Informer sends out distress signal. U-05 Engineer builds a Wall. ALERT: Hostiles spotted, dispatching reinforcements to Terminal M001. Y-45 Defender destroyed. T-07 Excavator is excavating. Chain reaction triggered in Lgt. Deuterium Engine. Terminal disabled. Destroyed Imp. Hover Unit. Destroyed Visual Processing Unit. Imp. Hover Unit fried. W-25 Informer destroyed. Map ----- +----------------------------------------------------+ | ?????????????????????????????????????????????????? | | ?????????????????????????????????????????????????? | | ?????????????????????????????????????????????????? | | ?????????????????????????????????????????????????? | | ?????????????????????????????????????????????????? | | ?????????????????????????????????????????????????? | | ?????????????????????????????????????????????????? | | ?????????????????????????????????????????????????? | | ?????????????????????????????????????????????????? | | ?????????????????????????????????????????????????? | | ?????????????????????????????????????????????????? | | ?????????????????????????????????????????????????? | | ?????????????????????????????????????????????????? | | ?????????????????????????????????????????????????? | | ????????????????????????######???????????????????? | | ???????????????????????? ##??????????????????? | | ???????????????????????? ???????????????????? | | ???????????????????????? ???????????????????? | | ??????????????k????????? ????????????????????? | | ???????????????????????? u????????????????????? | | ????????????????????????# #????????????????????? | | ???????????????? ???????# #????????????????????? | | ????????????????? ??????# #??#?????????????????? | | ?????????????????? ?????# ##;#########?????????? | | ??????????????????# ????# ????????? | | ??????????????????# ???#@ % = ????????? | | ??????????????????#s s??# ????????? | | ?????????????????## #?# [ ""??????????? | | ?????????????????# s ## u ""??????????? | | ???????????????#u# a ""??????????? | | ????????????????t ???????? | | ????????????????## u u = """ ???????? | | ?????????????????# ###;;;#;### ????????? | | ?????????????????## ## au! #?? ? ??????????? | | ??????????????????# ?# ! #????????????????? | | ??????????????????#k ??# ! #????????????????? | | ??????????????????# ???# #????????????????? | | ??????????????????# ???# #????????????????? | | ??????????????????# ??# = ! #????????????????? | | ?????????????###### #####+#####????????????????? | | ???????????? #???????????????????? | | ???????????? #???????????????????? | | ???????????? #???????????????????? | | ?????????????#######+##### %#???????????????????? | | ?????????????????????????# #???????????????????? | | ????????????????????????## %#???????????????????? | | ????????????????????????##!!!#???????????????????? | | ????????????????????????##!%!#???????????????????? | | ?????????????????????????# ] #???????????????????? | | ????????????????????????## ##??????????????????? | +----------------------------------------------------+ Best States ------------- Heat Dissipation 45 Energy Generation 14 Energy Capacity 275 Matter Stores 300 Matter Capacity 300 Sight Range 16 Robot Scan Range 14 Terrain Scan Density 10 Armor Coverage 225 Resistance: TH 10 Evasion (%) 55 Targeting Accuracy 6 Item Schematics ----------------- Imp. Targeting Computer | -9/Materials | Scanalyzed Robot Schematics ------------------ None Fabricated ------------ Nothing Repaired ---------- Nothing Alien Tech Used ----------------- None Achievements -------------- None Challenges ------------ None Game ------ Seed MassAluminumWheel Manual? 0 Play Time 00:50:50 Cumulative 20.0 hours Start 2025.07.10 @ 23:26:19 End 2025.08.03 @ 21:21:57 Sessions 3 Manual Loads 0 Difficulty Rogue Special Mode None Game No. 13 Rogue 13 Adventurer 0 Explorer 0 Win Type - Total 0 Types 0/0/0/0/0/0/0/0/0/0 Lore% 6 Gallery% 19 Achievement% 17 Wizard Run 0 Options --------- Layout 1 ASCII 0 Keyboard 0 Movement Mouse Keybinds 0 Fullscreen 1 Font 24/Smallcaps Map View 50x35 Zoom Use 0% Tactical HUD 0 Map Filters NONE Filters NONE Steam 1 RUN: 37c95272-2435-4011-80a1-8b3a39659875